 Dungeon Crawl Stone Soup version 0.22-a0-803-gd6d8abe (webtiles) character file.

41 Supahsalami the Grave Robber (level 3, -7/24 HPs)
             Began as a Vampire Necromancer on July 23, 2018.
             Killed from afar by Sigmund (11 damage)
             ... with a puff of flame
             ... on level 2 of the Dungeon.
             The game lasted 00:09:57 (2672 turns).

Supahsalami the Grave Robber (Vampire Necromancer)  Turns: 2672, Time: 00:09:58

Health: -7/24      AC:  0    Str:  8    XL:     3   Next: 32%
Magic:  6/6        EV: 21    Int: 17    God:
Gold:   75         SH:  0    Dex: 19    Spells: 4/6 levels left

rFire    . . .     SeeInvis +   (weapon currently unavailable)
rCold    . . .     Gourm    .   (shield currently unavailable)
rNeg     + . .     Faith    .   (armour currently unavailable)
rPois    .         Spirit   .   (helmet currently unavailable)
rElec    .         Reflect  .   (cloak currently unavailable)
rCorr    .         Harm     .   (gloves currently unavailable)
MR       .....                  (boots currently unavailable)
Stlth    +++++.....             (no amulet)
HPRegen  0.08/turn              (ring currently unavailable)
MPRegen  0.10/turn              (ring currently unavailable)

@: bat-form, flying, very quick
A: tiny, fangs 3, see invisible
a: End Transformation


You were on level 2 of the Dungeon.
You were not thirsty.
You were in vampire-bat-form.
You visited 1 branch of the dungeon, and saw 2 of its levels.

You collected 75 gold pieces.

Inventory:

Hand Weapons
 b - a +0 dagger (melded)
 f - a +0 hunting sling
 m - a +0 short sword
Missiles
 d - 41 stones (quivered)
 h - 5 javelins
Armour
 a - a +0 robe
 j - a +0 ring mail (melded)
 o - a +2 pair of gloves
Jewellery
 n - an uncursed ring of poison resistance {unknown}
Scrolls
 e - a scroll of magic mapping {unknown}
 g - 3 scrolls of identify {unknown}
 i - a scroll of remove curse {unknown}
Potions
 c - 8 potions of blood
 k - a potion of curing {unknown}
 l - a potion of heal wounds {unknown}


   Skills:
 + Level 2.6 Dodging
 + Level 3.6 Stealth
 + Level 2.2 Spellcasting
 * Level 5.1 Necromancy


You had 4 spell levels left.
You knew the following spells:

 Your Spells              Type           Power        Failure   Level  Hunger
a - Pain                  Necr           ###.         2%          1    #......
b - Animate Skeleton      Necr           N/A          2%          1    #......

Your spell library contained the following spells:

 Spells                   Type           Power        Failure   Level  Hunger
 Animate Dead             Necr           N/A          22%         4    #####..
 Vampiric Draining        Necr           ###.......   7%          3    ###....
 Regeneration             Chrm/Necr      ##........   21%         3    ###....


Dungeon Overview and Level Annotations

Branches:
Dungeon (2/15)

Altars:

Annotations:
D:2 Sigmund


Innate Abilities, Weirdness & Mutations

You have razor-sharp teeth.
You have supernaturally acute eyesight. (SInv)
((You can survive without breathing.))


Message History

There's nothing here to drain!
Yummy - fresh blood!
You are feeling very thirsty.
Quiver which item? (- for none, * to show all) (? for menu, Esc to quit)
Okay, then.
Yummy - fresh blood!
You start resting.
Sigmund is too close now for your liking.
Sigmund gestures at you while chanting. The puff of flame hits you!
* * * LOW HITPOINT WARNING * * *
Sigmund casts a spell at you.
You are confused.
You bump into the rock wall.
You feel less confused.
Found an escape hatch in the ceiling.
A giant cockroach comes into view.
Sigmund points at you and mumbles some strange words.
The puff of flame hits you!
You die...

......# .s.. ##.#
......# .... ###...#
.....# .... .......#
....#####...
.#.#.#.## #........#
........# #.....<.#
.#.#.#..#####.......#
................b..#
.#.#.#...@#######..#
........?...........#
.#.#.#.@####..###..##
........#####.# ..#
##....#.....# # ..#
#.....##..#.#.# ..#
...######.#.#.# ...
..## #@#.#.# .


You could see Sigmund and a giant cockroach (sleeping).

Vanquished Creatures
  3 dart slugs (D:1)
  5 bats (D:1)
  2 giant cockroaches (D:1)
  7 goblins
  7 hobgoblins
  3 kobolds (D:1)
  4 rats
31 creatures vanquished.

Notes
Turn   | Place    | Note
-------+----------+-------------------------------------------
     0 | D:1      | Supahsalami the Vampire Necromancer began the quest for the Orb.
     0 | D:1      | Reached XP level 1. HP: 13/13 MP: 3/3
     2 | D:1      | Learned a level 1 spell: Animate Skeleton
   325 | D:1      | Reached XP level 2. HP: 16/19 MP: 0/5
  1477 | D:1      | Reached skill level 5 in Necromancy
  1507 | D:1      | Reached XP level 3. HP: 24/24 MP: 6/6
  2580 | D:2      | Noticed Sigmund
  2672 | D:2      | Killed from afar by Sigmund

Vault maps used:
D:1:      lordsloth_arrival_two_stooges, minmay_misc_feat_hallway
D:2:      cheibrodos_old_hovel, serial_co_window_serial, co_window_paths_a,
          co_window_of_opportunity_a, co_window_paths_a, co_window_paths_b,
          co_window_corner_a, co_window_paths_a, co_window_corner_a,
          co_window_paths_b, co_window_of_opportunity_a, co_window_2corner,
          co_window_corner_b, co_window_cross_4, co_window_broadway_a,
          co_window_broadway_a, glass_columns_c, glass_columns_b,
          glass_columns_b, minmay_lizard_king, uniq_sigmund, uniq_natasha,
          uniq_robin

Skill      XL: |  1  2 |
---------------+-------+-----
Necromancy     | 5 |  5.1
Dodging        | |  2.6
Stealth        | |  3.6
Spellcasting   | |  2.2

Action                   || total
-------------------------++-------
Melee: Dagger            ||    24
       Bite              ||     1
 Cast: Pain              ||    38
       Animate Skeleton  ||     2
 Abil: Bat Form          ||     1
  Use: Potion            ||     3
 Stab: Sleeping          ||    10
Armor: Robe              ||    10
Dodge: Dodged            ||    21

Table legend:
 A = Spawn XP
 B = Non-spawn XP
 C = Spawn XP percentage of total XP
 D = Spawn monster count
 E = Non-spawn monster count
 F = Spawn count percentage of total count
 G = Total turns spent on level
                    A         B        C        D         E        F      G
               +---------+---------+-------+---------+---------+-------+---------
         Total |       0 |      59 |   0.0 |       0 |      31 |   0.0 |  2672
               +---------+---------+-------+---------+---------+-------+---------
           D:1 |       0 |      53 |   0.0 |       0 |      27 |   0.0 |  2217
           D:2 |       0 |       6 |   0.0 |       0 |       4 |   0.0 |   455
               +---------+---------+-------+---------+---------+-------+---------
